| TOP OF THE 1ST |
|
Montreal Expos batting - Pitching for St. Louis Cardinals : RHP John D'Acquisto
|
|
Pitching: RHP John D'Acquisto
|
|
|
Batting: LHB Duane Walker
|
0-0: Ball 1-0: Ball 2-0: Ball 3-0: Base on Balls
|
|
Batting: SHB Garry Templeton
|
0-0: Called Strike 0-1: Ball 1-1: Foul Ball, location: 2F 1-2: Strikes out swinging
|
|
Batting: LHB Kirk Gibson
|
0-0: Called Strike Duane Walker steals 2nd base 0-1: Ball 1-1: Ground out 4-3 (Groundball, 4, EV 83.1 MPH) Duane Walker to third
|
|
Batting: RHB Dale Murphy
|
0-0: Ball 1-0: Swinging Strike 1-1: Ball 2-1: Ball Passed Ball! Duane Walker scores 3-1: Base on Balls
|
|
Batting: RHB Dave Winfield
|
0-0: Swinging Strike 0-1: Called Strike 0-2: Ball 1-2: Ball 2-2: Foul Ball, location: 2F 2-2: Ball 3-2: Strikes out swinging
|
| Top of the 1st over - 1 run, 0 hits, 0 errors, 1 left on base; Montreal 1 - St. Louis 0 |
| BOTTOM OF THE 1ST |
|
St. Louis Cardinals batting - Pitching for Montreal Expos : LHP Frank Riccelli
|
|
Pitching: LHP Frank Riccelli
|
|
|
Batting: SHB Otis Nixon
|
0-0: Ball 1-0: Fly out, F8 (Flyball, 8LM, EV 88.8 MPH)
|
|
Batting: LHB Jim Gantner
|
0-0: Ball 1-0: Ball 2-0: Ball 3-0: Base on Balls
|
|
Batting: RHB Sixto Lezcano
|
0-0: Called Strike 0-1: Ball 1-1: Ball 2-1: Swinging Strike 2-2: Fly out, F9 (Flyball, 9S, EV 78.1 MPH)
|
|
Batting: RHB Pascual D'Annunzio
|
0-0: Called Strike 0-1: Swinging Strike 0-2: Ball 1-2: Ball 2-2: Foul Ball, location: 2F 2-2: Strikes out swinging
|
| Bottom of the 1st over - 0 runs, 0 hits, 0 errors, 1 left on base; Montreal 1 - St. Louis 0 |
| TOP OF THE 2ND |
|
Montreal Expos batting - Pitching for St. Louis Cardinals : RHP John D'Acquisto
|
|
Batting: LHB Timnothy Meyer
|
0-0: Ground out 1-3 (Groundball, 34S, EV 64.4 MPH)
|
|
Batting: LHB Ernesto Quevedo
|
0-0: Called Strike 0-1: Ball 1-1: Foul Ball, location: 2F 1-2: Foul Ball, location: 2F 1-2: Fly out, F5 (Line Drive, 5, EV 73.8 MPH)
|
|
Batting: LHB Orlando Sanchez
|
0-0: Ball 1-0: Called Strike 1-1: Ball 2-1: SINGLE (Line Drive, 9LS, EV 88.1 MPH)
|
|
Batting: LHB Frank Riccelli
|
0-0: Called Strike 0-1: Ball 1-1: Ball 2-1: Swinging Strike 2-2: Foul Ball, location: 2F 2-2: Strikes out swinging passed ball, reaches first! Orlando Sanchez to second
|
|
Batting: LHB Duane Walker
|
0-0: Ball 1-0: Foul Ball, location: 2F 1-1: Ball 2-1: Ball 3-1: Fly out, F9 (Flyball, 9LS, EV 97.5 MPH)
|
| Top of the 2nd over - 0 runs, 1 hit, 0 errors, 2 left on base; Montreal 1 - St. Louis 0 |
| BOTTOM OF THE 2ND |
|
St. Louis Cardinals batting - Pitching for Montreal Expos : LHP Frank Riccelli
|
|
Batting: RHB Joe Torre
|
0-0: Ball 1-0: Called Strike 1-1: Foul Ball, location: 2F 1-2: Ball 2-2: Strikes out looking
|
|
Batting: LHB Pat Putnam
|
0-0: Foul Ball, location: 2F 0-1: Swinging Strike 0-2: Ball 1-2: Foul Ball, location: 2F 1-2: Foul Ball, location: 2F 1-2: Fly out, F8 (Flyball, 8LXD, EV 110.0 MPH)
|
|
Batting: RHB Brian Dayett
|
0-0: Called Strike 0-1: Foul Ball, location: 2F 0-2: Ball 1-2: Strikes out looking
|
| Bottom of the 2nd over - 0 runs, 0 hits, 0 errors, 0 left on base; Montreal 1 - St. Louis 0 |
| TOP OF THE 3RD |
|
Montreal Expos batting - Pitching for St. Louis Cardinals : RHP John D'Acquisto
|
|
Batting: SHB Garry Templeton
|
0-0: Fly out, F9 (Line Drive, 9, EV 86.9 MPH)
|
|
Batting: LHB Kirk Gibson
|
0-0: Ball 1-0: Swinging Strike 1-1: Called Strike 1-2: Ball 2-2: Ball 3-2: Fly out, F9 (Line Drive, 9, EV 94.4 MPH)
|
|
Batting: RHB Dale Murphy
|
0-0: Ball 1-0: Ball 2-0: Ball 3-0: Base on Balls
|
|
Batting: RHB Dave Winfield
|
0-0: Ball 1-0: Ball 2-0: Fly out, F7 (Flyball, 7LM, EV 90.6 MPH)
|
| Top of the 3rd over - 0 runs, 0 hits, 0 errors, 1 left on base; Montreal 1 - St. Louis 0 |
| BOTTOM OF THE 3RD |
|
St. Louis Cardinals batting - Pitching for Montreal Expos : LHP Frank Riccelli
|
|
Batting: RHB Steve Lubratich
|
0-0: Ball 1-0: SINGLE (Line Drive, 3D, EV 93.8 MPH)
|
|
Batting: RHB John D'Acquisto
|
0-0: Bunted foul 0-1: Ball 1-1: Bunted foul 1-2: Bunt missed, Strikeout!
|
|
Batting: SHB Otis Nixon
|
0-0: Ball 1-0: Foul Ball, location: 2F 1-1: Swinging Strike 1-2: Foul Ball, location: 2F 1-2: Strikes out swinging
|
|
Batting: LHB Jim Gantner
|
0-0: Ball 1-0: Fly out, F9 (Flyball, 9LS, EV 90.0 MPH)
|
| Bottom of the 3rd over - 0 runs, 1 hit, 0 errors, 1 left on base; Montreal 1 - St. Louis 0 |
| TOP OF THE 4TH |
|
Montreal Expos batting - Pitching for St. Louis Cardinals : RHP John D'Acquisto
|
|
Batting: LHB Timnothy Meyer
|
0-0: Called Strike 0-1: Foul Ball, location: 2F 0-2: Ball 1-2: Foul Ball, location: 2F 1-2: Strikes out swinging
|
|
Batting: LHB Ernesto Quevedo
|
0-0: Ball 1-0: Ball 2-0: Ball 3-0: Called Strike 3-1: DOUBLE (Line Drive, 5D, EV 108.1 MPH)
|
|
Batting: LHB Orlando Sanchez
|
0-0: Ball 1-0: Called Strike 1-1: Ball 2-1: Foul Ball, location: 2F 2-2: Strikes out swinging, 2-3 out at first.
|
|
Batting: LHB Frank Riccelli
|
0-0: Swinging Strike 0-1: Ball 1-1: Ball 2-1: Fly out, F4 (Flyball, 34D, EV 90.0 MPH)
|
| Top of the 4th over - 0 runs, 1 hit, 0 errors, 1 left on base; Montreal 1 - St. Louis 0 |
| BOTTOM OF THE 4TH |
|
St. Louis Cardinals batting - Pitching for Montreal Expos : LHP Frank Riccelli
|
|
Batting: RHB Sixto Lezcano
|
0-0: SINGLE (Groundball, 5S, EV 68.8 MPH) (infield hit)
|
|
Batting: RHB Pascual D'Annunzio
|
0-0: Called Strike 0-1: Ball 1-1: Ball 2-1: Grounds into double play, 5-4-3 (Groundball, 56, EV 101.9 MPH)
|
|
Batting: RHB Joe Torre
|
0-0: Ball 1-0: Ball 2-0: Ground out U3 (Groundball, 34S, EV 90.0 MPH)
|
| Bottom of the 4th over - 0 runs, 1 hit, 0 errors, 0 left on base; Montreal 1 - St. Louis 0 |
| TOP OF THE 5TH |
|
Montreal Expos batting - Pitching for St. Louis Cardinals : RHP John D'Acquisto
|
|
Batting: LHB Duane Walker
|
0-0: Ball 1-0: SINGLE (Line Drive, 8LS, EV 106.9 MPH)
|
|
Batting: SHB Garry Templeton
|
0-0: Called Strike 0-1: Called Strike 0-2: Ball 1-2: DOUBLE (Line Drive, 9LM, EV 114.4 MPH) Duane Walker to third Runner from 3rd tries for Home, SAFE, throw by RF to trailing runner, OUT at third! 9-3-5
|
|
Batting: LHB Kirk Gibson
|
0-0: Called Strike 0-1: Ball 1-1: Ball 2-1: Foul Ball, location: 2F 2-2: SOLO HOME RUN (Flyball, 89XD, EV 101.3 MPH), Distance : 400 ft
|
|
Batting: RHB Dale Murphy
|
0-0: Foul Ball, location: 2F 0-1: Ball 1-1: Called Strike 1-2: Ball 2-2: Ball 3-2: Fly out, F4 (Popup, 34S, EV 81.9 MPH)
|
|
Batting: RHB Dave Winfield
|
0-0: Ground out 4-3 (Groundball, 34D, EV 81.3 MPH)
|
| Top of the 5th over - 2 runs, 3 hits, 0 errors, 0 left on base; Montreal 3 - St. Louis 0 |
| BOTTOM OF THE 5TH |
|
St. Louis Cardinals batting - Pitching for Montreal Expos : LHP Frank Riccelli
|
|
Batting: LHB Pat Putnam
|
0-0: SINGLE (Groundball, 4MD, EV 113.8 MPH)
|
|
Batting: RHB Brian Dayett
|
0-0: Fly out, F8 (Flyball, 8RD, EV 101.3 MPH)
|
|
Batting: RHB Steve Lubratich
|
0-0: Called Strike 0-1: Ground out 6-3 (Groundball, 6, EV 90.0 MPH) Pat Putnam to second
|
|
Batting: RHB John D'Acquisto
|
0-0: Ball 1-0: Swinging Strike 1-1: SINGLE (Line Drive, 4MD, EV 96.3 MPH) Pat Putnam to third Runner from 3rd tries for Home, throw by CF and OUT! 8-2
|
| Bottom of the 5th over - 0 runs, 2 hits, 0 errors, 1 left on base; Montreal 3 - St. Louis 0 |
| TOP OF THE 6TH |
|
Montreal Expos batting - Pitching for St. Louis Cardinals : RHP John D'Acquisto
|
|
Pitching: RHP Lary Sorensen
|
|
|
Batting: LHB Timnothy Meyer
|
0-0: Called Strike 0-1: SINGLE (Groundball, 4M, EV 84.4 MPH) (infield hit)
|
|
Batting: LHB Ernesto Quevedo
|
0-0: Ball 1-0: Fielders Choice at 2nd, 4-6 (Groundball, 4, EV 91.3 MPH)
|
|
Batting: LHB Orlando Sanchez
|
0-0: Called Strike 0-1: Fly out, F8 (Line Drive, 8LD, EV 91.3 MPH)
|
|
Batting: LHB Frank Riccelli
|
0-0: Ball 1-0: Foul Ball, location: 2F 1-1: Ball 2-1: Foul Ball, location: 2F 2-2: Strikes out swinging
|
| Top of the 6th over - 0 runs, 1 hit, 0 errors, 1 left on base; Montreal 3 - St. Louis 0 |
| BOTTOM OF THE 6TH |
|
St. Louis Cardinals batting - Pitching for Montreal Expos : LHP Frank Riccelli
|
|
Batting: SHB Otis Nixon
|
0-0: Ground out 5-3 (Groundball, 56S, EV 86.3 MPH)
|
|
Batting: LHB Jim Gantner
|
0-0: Swinging Strike 0-1: Ball 1-1: Ball 2-1: Ball 3-1: Base on Balls
|
|
Batting: RHB Sixto Lezcano
|
0-0: Ball 1-0: Ball 2-0: Called Strike 2-1: Ball 3-1: Called Strike 3-2: Foul Ball, location: 2F 3-2: Foul Ball, location: 2F 3-2: Grounds into double play, 6-4-3 (Groundball, 6, EV 82.5 MPH)
|
| Bottom of the 6th over - 0 runs, 0 hits, 0 errors, 0 left on base; Montreal 3 - St. Louis 0 |
| TOP OF THE 7TH |
|
Montreal Expos batting - Pitching for St. Louis Cardinals : RHP Lary Sorensen
|
|
Batting: LHB Duane Walker
|
0-0: Called Strike 0-1: Ball 1-1: Swinging Strike 1-2: Ball 2-2: Strikes out swinging
|
|
Batting: SHB Garry Templeton
|
0-0: Called Strike 0-1: Foul Ball, location: 2F 0-2: Ball 1-2: Ground out 4-3 (Groundball, 4M, EV 95.6 MPH)
|
|
Batting: LHB Kirk Gibson
|
0-0: Ball 1-0: Called Strike 1-1: Ball 2-1: Called Strike 2-2: SINGLE (Line Drive, 7LS, EV 106.9 MPH)
|
|
Batting: RHB Dale Murphy
|
0-0: Called Strike 0-1: Ball 1-1: Reached on error, E4 (Groundball, 34, EV 103.8 MPH) Kirk Gibson to second
|
|
Batting: RHB Dave Winfield
|
0-0: Called Strike 0-1: Fly out, F8 (Flyball, 8LD, EV 90.6 MPH)
|
| Top of the 7th over - 0 runs, 1 hit, 1 error, 2 left on base; Montreal 3 - St. Louis 0 |
| BOTTOM OF THE 7TH |
|
St. Louis Cardinals batting - Pitching for Montreal Expos : LHP Frank Riccelli
|
|
Batting: RHB Pascual D'Annunzio
|
0-0: Called Strike 0-1: Foul Ball, location: 2F 0-2: SINGLE (Popup, 56S, EV 83.8 MPH)
|
|
Batting: RHB Joe Torre
|
0-0: Ball 1-0: SINGLE (Groundball, 56D, EV 99.4 MPH) Pascual D'Annunzio to second
|
|
Batting: LHB Pat Putnam
|
0-0: Foul Ball, location: 2F 0-1: Foul Ball, location: 2F 0-2: Ball 1-2: Strikes out swinging
|
|
Batting: RHB Brian Dayett
|
0-0: Ball 1-0: Ball 2-0: Fielders Choice at 2nd, 6-4 (Groundball, 6, EV 100.6 MPH) Pascual D'Annunzio to third
|
|
Batting: RHB Steve Lubratich
|
0-0: Ball 1-0: DOUBLE (Line Drive, 78D, EV 99.4 MPH) Pascual D'Annunzio scores Brian Dayett to third Runner from 3rd tries for Home, throw by CF and OUT! 8-6-2
|
| Bottom of the 7th over - 1 run, 3 hits, 0 errors, 1 left on base; Montreal 3 - St. Louis 1 |
| TOP OF THE 8TH |
|
Montreal Expos batting - Pitching for St. Louis Cardinals : RHP Lary Sorensen
|
|
Batting: LHB Timnothy Meyer
|
0-0: Called Strike 0-1: Ball 1-1: Ball 2-1: Foul Ball, location: 2F 2-2: Foul Ball, location: 2F 2-2: Foul Ball, location: 2F 2-2: Foul Ball, location: 2F 2-2: Ground out 6-3 (Groundball, 6, EV 93.8 MPH)
|
|
Batting: LHB Ernesto Quevedo
|
0-0: Ball 1-0: Ball 2-0: Ball 3-0: Base on Balls
|
|
Batting: LHB Orlando Sanchez
|
0-0: Foul Ball, location: 2F 0-1: Ball 1-1: Called Strike 1-2: Foul Ball, location: 2F 1-2: Strikes out swinging
|
|
Batting: LHB Frank Riccelli
|
0-0: Swinging Strike 0-1: Ball 1-1: Ball 2-1: Swinging Strike 2-2: Strikes out swinging
|
| Top of the 8th over - 0 runs, 0 hits, 0 errors, 1 left on base; Montreal 3 - St. Louis 1 |
| BOTTOM OF THE 8TH |
|
St. Louis Cardinals batting - Pitching for Montreal Expos : LHP Frank Riccelli
|
|
Pinch Hitting: RHB Craig Stimac
|
0-0: Called Strike 0-1: Foul Ball, location: 2F 0-2: Ball 1-2: Ball 2-2: Ball 3-2: Base on Balls
|
|
Batting: SHB Otis Nixon
|
0-0: Ball 1-0: SINGLE (Line Drive, 7LS, EV 97.5 MPH) Craig Stimac to second
|
|
Batting: LHB Jim Gantner
|
0-0: Ball 1-0: Fielders Choice at 2nd, 6-4 (Groundball, 6, EV 89.4 MPH) Craig Stimac to third
|
|
Batting: RHB Sixto Lezcano
|
0-0: Ball 1-0: Ball 2-0: Ball 3-0: Base on Balls Jim Gantner to second
|
|
Batting: RHB Pascual D'Annunzio
|
0-0: Ball 1-0: Foul Ball, location: 2F 1-1: Grounds into fielders choice 4-2 (Groundball, 4S, EV 90.6 MPH) Jim Gantner to third Sixto Lezcano to second
|
|
Batting: RHB Joe Torre
|
0-0: Fly out, F7 (Flyball, 7, EV 81.9 MPH)
|
| Bottom of the 8th over - 0 runs, 1 hit, 0 errors, 3 left on base; Montreal 3 - St. Louis 1 |
| TOP OF THE 9TH |
|
Montreal Expos batting - Pitching for St. Louis Cardinals : RHP Lary Sorensen
|
|
Pitching: RHP Larry Andersen
|
|
|
Batting: LHB Duane Walker
|
0-0: Swinging Strike 0-1: Swinging Strike 0-2: Ball 1-2: Strikes out swinging, 2-3 out at first.
|
|
Batting: SHB Garry Templeton
|
0-0: Ball 1-0: Ball 2-0: Ball 3-0: Base on Balls
|
|
Batting: LHB Kirk Gibson
|
0-0: Ball 1-0: Ball 2-0: Foul Ball, location: 2F 2-1: Fielders Choice at 2nd, 4-6 (Groundball, 4, EV 91.9 MPH)
|
|
Batting: RHB Dale Murphy
|
0-0: Ball 1-0: Ball 2-0: Ball 3-0: Called Strike 3-1: Base on Balls Kirk Gibson to second
|
|
Batting: RHB Dave Winfield
|
0-0: Swinging Strike 0-1: Ball 1-1: Fielders Choice at 2nd, 6-4 (Groundball, 6, EV 78.8 MPH)
|
| Top of the 9th over - 0 runs, 0 hits, 0 errors, 2 left on base; Montreal 3 - St. Louis 1 |
| BOTTOM OF THE 9TH |
|
St. Louis Cardinals batting - Pitching for Montreal Expos : LHP Frank Riccelli
|
|
Now at 2B: Alex Ortiz
|
|
|
Now in LF: Guonçalo Fernandes
|
|
|
Now in RF: Luis Sanchez
|
|
|
Batting: LHB Pat Putnam
|
0-0: Called Strike 0-1: Ball 1-1: Ball 2-1: Foul Ball, location: 2F 2-2: Foul Ball, location: 2F 2-2: SINGLE (Groundball, 3D, EV 98.8 MPH)
|
|
Batting: RHB Brian Dayett
|
0-0: Ball 1-0: Fielders Choice at 2nd, 1-4 (Groundball, 15S, EV 69.4 MPH)
|
|
Batting: RHB Steve Lubratich
|
0-0: Called Strike 0-1: Ball 1-1: Ball 2-1: Ball 3-1: Base on Balls Brian Dayett to second
|
|
Pinch Hitting: RHB Bob Watson
|
0-0: Ball 1-0: 3-RUN HOME RUN (Flyball, 7LD, EV 90.0 MPH), Distance : 357 ft
|
| Bottom of the 9th over - 3 runs, 2 hits, 0 errors, 0 left on base; Montreal 3 - St. Louis 4 |
|